 Dungeon Crawl Stone Soup version 0.32-a0-872-g59262bdc9b (webtiles) character file.

Game seed: 1350758423052304406

382 funkygono the Firebug (level 6, 0/32 HPs)
             Began as a Deep Elf Fire Elementalist on Mar 30, 2024.
             Slain by Pikel
             ... wielding a +2 whip of freezing
              (4 damage)
             ... on level 4 of the Dungeon.
             The game lasted 00:05:37 (3531 turns).

funkygono the Firebug (Deep Elf Fire Elementalist)  Turns: 3531, Time: 00:05:37

Health: 0/32       AC:  5    Str:  5    XL:     6   Next: 47%
Magic:  7/16       EV: 11    Int: 22    God:
Gold:   194        SH:  0    Dex: 15    Spells: 9/16 levels left

rFire   + . .        e - +0 dagger
rCold   + . .        (no shield)
rNeg    . . .        q - +1 robe {rC+ rF+}
rPois   .            r - +0 helmet
rElec   .            (no cloak)
rCorr   .            (no gloves)
SInv    .            p - +0 pair of boots
Will    .....        (no amulet)
Stlth   ++           (no ring)
HPRegen 0.25/turn    (no ring)
MPRegen 0.15/turn

%: no passive effects
@: no status effects
A: no striking features
a: no special abilities


You were on level 4 of the Dungeon.
You visited 1 branch of the dungeon, and saw 4 of its levels.

You collected 194 gold pieces.

Inventory:

Hand Weapons
 e - a +0 dagger (weapon)
Missiles
 d - 2 throwing nets
Armour
 p - a +0 pair of boots (worn)
 q - a +1 robe of resistance (worn)
 r - a +0 helmet (worn)
Wands
 o - a wand of digging (9)
Scrolls
 g - a scroll of poison
 j - a scroll of teleportation
 k - a scroll of immolation {unknown}
 l - a scroll of torment {unknown}
 m - a scroll of silence {unknown}
 n - a scroll of fear
Potions
 b - a potion of magic
 c - 3 potions of brilliance
 f - a potion of mutation {unknown}
 h - 3 potions of ambrosia
 i - a potion of haste {unknown}


   Skills:
 + Level 2.6 Dodging
 + Level 3.2 Stealth
 + Level 5.8 Spellcasting
 + Level 2.7 Conjurations
 + Level 5.9 Fire Magic


You had 9 spell levels left.
You knew the following spells:

 Your Spells              Type           Power      Damage    Failure   Level
a - Foxfire               Conj/Fire      100%       2x1d9     1%          1
b - Scorch                Fire           64%        2d7       1%          2
c - Flame Wave            Conj/Fire      25%        2d8       16%         4

Your spell library contained the following spells:

 Spells                   Type           Power      Damage    Failure   Level
 Inner Flame              Hex/Fire       19%        N/A       9%          3
 Volatile Blastmotes      Fire/Tloc      38%        2d13      9%          3
 Leda's Liquefaction      Alch/Erth      3%         N/A       67%         4
 Petrify                  Alch/Erth      6%         N/A       67%         4
 Metabolic Englaciation   Hex/Ice        3%         N/A       95%         5


Dungeon Overview and Level Annotations

Branches:
Dungeon (4/15)
 Temple: D:4-7

Altars:
Elyvilon

Shops:
D:2 =

Annotations:
D:4 1 runed translucent door, MirrMurr's ghost, amateur GnWr; Pikel


Message History

Casting: Foxfire (safe; 1% risk of failure)
Confirm with . or Enter, or press ? or * to list all spells.
Flames lash Pikel.
Pikel is burned terribly!
Pikel is moderately wounded.
The foxfire hits the lemure.
The lemure is severely wounded.
The foxfire hits the lemure.
The lemure is severely wounded.
The lemure hits you.
Pikel hits you with a +2 whip of freezing.
* * * LOW HITPOINT WARNING * * *
Pikel freezes you.
* * * LOW HITPOINT WARNING * * *
You feel better. The lemure hits you but does no damage.
Pikel hits you with a +2 whip of freezing!
* * * LOW HITPOINT WARNING * * *
Pikel attacks as he pursues you! Pikel closely misses you.
The lemure attacks as it pursues you! The lemure closely misses you.
Pikel says, "Hell isn't that bad."
A lemure comes into view.
Things that are here:
a +0 flail; a gnoll corpse Pikel attacks as he pursues you!
Pikel closely misses you.
Pikel is no longer more vulnerable to fire.
Pikel attacks as he pursues you! Pikel completely misses you.
Casting: Scorch (safe; 1% risk of failure)
Confirm with . or Enter, or press ? or * to list all spells.
Flames lash the lemure.
The lemure is almost dead.
The lemure's fire resistance burns away.
Pikel hits you with a +2 whip of freezing.
* * * LOW HITPOINT WARNING * * *
Pikel freezes you.
* * * LOW HITPOINT WARNING * * *
Pikel attacks as he pursues you! Pikel closely misses you.
Pikel attacks as he pursues you! Pikel barely misses you.
Pikel attacks as he pursues you!
Pikel hits you with a +2 whip of freezing.
You die...
Pikel says, "Another soul for the market."

#.#5#.# ####.######
#.#.#.# #.........#
#.....# #.##.####.#
###5#######.#...###.#
#.##...........##.####
#.##.###..#...........
#.5..# #..##..###.####
####K###..##..###.#
#.@............#
#########.###### #.#
#.# #########.#
#.......#.#
###.#####.#.#########
#......##.#..........
#.#.##.##.#..########


You could see Pikel and a lemure.

Vanquished Creatures
  A black bear (D:4)
  A lemure (D:4)
  A gnoll bouda (D:4)
  A bombardier beetle (D:3)
  An orc priest (D:3)
  An iguana (D:4)
  4 gnolls (D:4)
  7 adders
  5 orcs (D:3)
  10 ball pythons
  11 bats
  4 endoplasms
  3 giant cockroaches
  8 goblins
  A hobgoblin (D:3)
  2 jackals (D:2)
  3 quokkas
  3 frilled lizards
  7 kobolds
  4 rats
78 creatures vanquished.

Vanquished Creatures (others)
  237 foxfires
237 creatures vanquished.

Grand Total: 315 creatures vanquished

Notes
Turn   | Place    | Note
-------+----------+-------------------------------------------
     0 | D:1      | funkygono the Deep Elf Fire Elementalist began the quest
                  | for the Orb.
     0 | D:1      | Reached XP level 1. HP: 10/10 MP: 6/6
    11 | D:1      | You fall into a shaft and drop 1 floor!
   258 | D:1      | Reached XP level 2. HP: 15/15 MP: 4/8
   440 | D:1      | Learned a level 2 spell: Scorch
   643 | D:1      | Found a faded altar of an unknown god.
   954 | D:2      | Reached XP level 3. HP: 19/19 MP: 0/10
  1097 | D:2      | Found a white marble altar of Elyvilon.
  1120 | D:2      | Found Zalur's Jewellery Emporium.
  1931 | D:3      | Reached XP level 4. HP: 24/24 MP: 9/12
  1936 | D:3      | Learned a level 4 spell: Flame Wave
  2211 | D:3      | Reached skill level 5 in Fire Magic
  2483 | D:3      | Reached XP level 5. HP: 28/28 MP: 6/13
  2939 | D:4      | Found a runed translucent door.
  2943 | D:4      | Noticed MirrMurr's ghost (amateur GnWr)
  2969 | D:4      | Noticed a black bear
  2974 | D:4      | Killed a black bear
  2975 | D:4      | Reached skill level 5 in Spellcasting
  3037 | D:4      | Reached XP level 6. HP: 32/32 MP: 13/16
  3484 | D:4      | Noticed Pikel
  3521 | D:4      | HP: 1/32 [Pikel/+2 whip of freezing (1)]
  3531 | D:4      | Slain by Pikel

Illustrated notes

Levels and vault maps discovered:
D:1:      evilmike_arrival_fibonacci_small, layout_basic,
          nicolae_ecumenical_snake_handling
D:2:      layout_loops_ring, basic_altar, serial_shops, nicolae_shop_crystal
D:3:      kennysheep_six_static_rooms, layout_basic, serial_park_tiny_1
D:4:      layout_loops_corners, ebering_ghost_sewer_d, uniq_eustachio,
          uniq_duvessa, uniq_pikel

Skill      XL: |  1  2  3  4  5 |
---------------+----------------+-----
Fire Magic     | 4 5 |  5.9
Spellcasting   | 4 5 |  5.8
Stealth        | 3 |  3.2
Conjurations   | 2 |  2.7
Dodging        | |  2.6

Action                     |  1- 3 |  4- 6 || total
---------------------------+-------+-------++-------
  Melee: Dagger            |     2 |       ||     2
   Cast: Foxfire           |    58 |    79 ||   137
         Scorch            |     6 |    18 ||    24
    Use: Scroll            |       |     9 ||     9
         Potion            |       |     1 ||     1
 Armour: Robe              |     8 |    18 ||    26
  Dodge: Dodged            |    16 |    29 ||    45

Table legend: (Time is in decaauts)
 A = Elapsed time spent in this place.
 B = Non-inter-level travel time spent in this place.
 C = Inter-level travel time spent in this place.
 D = Time resting spent in this place.
 E = Time spent auto-exploring this place.
 F = Levels seen in this place.
 G = Mean time per level.
                   A        B        C        D        E       F      G
               +--------+--------+--------+--------+--------+-----+--------+
         Total |   3529 |   3407 |    122 |     55 |   2830 |   4 |  882.2 |
       Dungeon |   3529 |   3407 |    122 |     55 |   2830 |   4 |  882.2 |
               +--------+--------+--------+--------+--------+-----+--------+

Top non-repeatable levels by time:
     D:3: 1148 daAuts
     D:1: 929 daAuts
     D:2: 833 daAuts
     D:4: 617 daAuts
